PIO (24 & UNDER)
COLORADO COMMANDERS @ JASPER COUGARS
10/14/2029
 
TOP OF THE 1ST
Colorado Commanders batting - Pitching for Jasper Cougars : LHP Logan Brown
Pitching: LHP Logan Brown
Batting: RHB Joe Sulley 0-0: Ground out 5-3 (Groundball, 56S)
Batting: LHB Francisco Ríos 0-0: Ball
1-0: Ball
2-0: Called Strike
2-1: Ball
3-1: Base on Balls
Batting: RHB Lawrence Ware 0-0: Called Strike
0-1: Ball
1-1: Fly out, F7 (Flyball, 7D)
Batting: RHB William Dyer 0-0: Ball
1-0: Ball
2-0: Swinging Strike
Passed Ball!
Francisco Ríos to second
2-1: Ball
3-1: Swinging Strike
3-2: Foul Ball, location: 2F
3-2: Foul Ball, location: 2F
3-2: Base on Balls
Batting: RHB Roberto Rodríguez 0-0: Ground out 5-3 (Groundball, 25)
Top of the 1st over - 0 runs, 0 hits, 0 errors, 2 left on base; Colorado 0 - Jasper 0
BOTTOM OF THE 1ST
Jasper Cougars batting - Pitching for Colorado Commanders : RHP Mike Schmidt
Pitching: RHP Mike Schmidt
Batting: RHB Ben Wilson 0-0: Called Strike
0-1: Called Strike
0-2: Ball
1-2: Strikes out swinging
Batting: LHB John Miller 0-0: Called Strike
0-1: Ball
1-1: Reached on error, E4 (Groundball, 4)
Batting: RHB José Maldonado 0-0: Ball
John Miller is caught stealing 2nd base
1-0: Called Strike
1-1: Ball
2-1: Foul Ball, location: 2F
2-2: Strikes out swinging
Bottom of the 1st over - 0 runs, 0 hits, 1 error, 0 left on base; Colorado 0 - Jasper 0
TOP OF THE 2ND
Colorado Commanders batting - Pitching for Jasper Cougars : LHP Logan Brown
Batting: LHB Roberto Herrera 0-0: Called Strike
0-1: SOLO HOME RUN (Flyball, 7LD), Distance : 332 ft
Batting: RHB Félix Campos 0-0: Ball
1-0: Fly out, F5 (Flyball, 5D)
Batting: LHB Robinson Ordóñez 0-0: Swinging Strike
0-1: Foul Ball, location: 2F
0-2: Ball
1-2: Strikes out swinging, 2-3 out at first.
Batting: RHB Carlos Jiménez 0-0: Called Strike
0-1: Ground out 4-3 (Groundball, 4)
Top of the 2nd over - 1 run, 1 hit, 0 errors, 0 left on base; Colorado 1 - Jasper 0
BOTTOM OF THE 2ND
Jasper Cougars batting - Pitching for Colorado Commanders : RHP Mike Schmidt
Batting: RHB Júlio González 0-0: Ball
1-0: Ball
2-0: Called Strike
2-1: Ball
3-1: Called Strike
3-2: Strikes out swinging
Batting: SHB Jerry Young 0-0: Ball
1-0: Ground out 6-3 (Groundball, 6M)
Batting: RHB Alberto Morín 0-0: Ball
1-0: Swinging Strike
1-1: Ball
2-1: Foul Ball, location: 2F
2-2: Foul Ball, location: 2F
2-2: Strikes out swinging
Bottom of the 2nd over - 0 runs, 0 hits, 0 errors, 0 left on base; Colorado 1 - Jasper 0
TOP OF THE 3RD
Colorado Commanders batting - Pitching for Jasper Cougars : LHP Logan Brown
Batting: RHB Joe Sulley 0-0: Foul Ball, location: 2F
0-1: Ball
1-1: Foul Ball, location: 2F
1-2: Ground out 4-3 (Groundball, 4M)
Batting: LHB Francisco Ríos 0-0: Called Strike
0-1: Ball
1-1: Ball
2-1: Called Strike
2-2: Foul Ball, location: 2F
2-2: Foul Ball, location: 2F
2-2: Foul Ball, location: 2F
2-2: Foul Ball, location: 2F
2-2: Strikes out swinging
Batting: RHB Lawrence Ware 0-0: Foul Ball, location: 2F
0-1: Ball
1-1: Foul Ball, location: 2F
1-2: Ball
2-2: Foul Ball, location: 2F
2-2: Ball
3-2: Foul Ball, location: 2F
3-2: Base on Balls
Batting: RHB William Dyer 0-0: Called Strike
0-1: Fly out, F8 (Flyball, 8LS)
Top of the 3rd over - 0 runs, 0 hits, 0 errors, 1 left on base; Colorado 1 - Jasper 0
BOTTOM OF THE 3RD
Jasper Cougars batting - Pitching for Colorado Commanders : RHP Mike Schmidt
Batting: RHB Alberto Castillo 0-0: Called Strike
0-1: Called Strike
0-2: Ball
1-2: Strikes out swinging
Batting: RHB Preston Manning 0-0: Ball
1-0: Swinging Strike
1-1: Called Strike
1-2: Ball
2-2: Strikes out looking
Batting: RHB Richie Sawyer 0-0: Ball
1-0: Foul Ball, location: 2F
1-1: Ball
2-1: Fly out, F6 (Line Drive, 6)
Bottom of the 3rd over - 0 runs, 0 hits, 0 errors, 0 left on base; Colorado 1 - Jasper 0
TOP OF THE 4TH
Colorado Commanders batting - Pitching for Jasper Cougars : LHP Logan Brown
Batting: RHB Roberto Rodríguez 0-0: Foul Ball, location: 2F
0-1: Ball
1-1: Called Strike
1-2: Ball
2-2: Ball
3-2: Strikes out swinging
Batting: LHB Roberto Herrera 0-0: Swinging Strike
0-1: Ball
1-1: Swinging Strike
1-2: Strikes out swinging
Batting: RHB Félix Campos 0-0: Ball
1-0: Foul Ball, location: 2F
1-1: Swinging Strike
1-2: Strikes out swinging
Top of the 4th over - 0 runs, 0 hits, 0 errors, 0 left on base; Colorado 1 - Jasper 0
BOTTOM OF THE 4TH
Jasper Cougars batting - Pitching for Colorado Commanders : RHP Mike Schmidt
Batting: RHB Ben Wilson 0-0: Ball
1-0: Ground out 6-3 (Groundball, 56)
Batting: LHB John Miller 0-0: Called Strike
0-1: Fly out, F9 (Flyball, 9)
Batting: RHB José Maldonado 0-0: Foul Ball, location: 2F
0-1: Foul Ball, location: 2F
0-2: Ball
1-2: Fly out, F9 (Flyball, 89S)
Bottom of the 4th over - 0 runs, 0 hits, 0 errors, 0 left on base; Colorado 1 - Jasper 0
TOP OF THE 5TH
Colorado Commanders batting - Pitching for Jasper Cougars : LHP Logan Brown
Batting: LHB Robinson Ordóñez 0-0: Foul Ball, location: 2F
0-1: Ball
1-1: Ball
2-1: Ball
3-1: Foul Ball, location: 2F
3-2: Base on Balls
Batting: RHB Carlos Jiménez 0-0: Foul Ball, location: 2F
0-1: Grounds into double play, 4-6-3 (Groundball, 4MD)
Batting: RHB Joe Sulley 0-0: Called Strike
0-1: Foul Ball, location: 2F
0-2: Strikes out swinging
Top of the 5th over - 0 runs, 0 hits, 0 errors, 0 left on base; Colorado 1 - Jasper 0
BOTTOM OF THE 5TH
Jasper Cougars batting - Pitching for Colorado Commanders : RHP Mike Schmidt
Batting: RHB Júlio González 0-0: Called Strike
0-1: Ball
1-1: Ground out 1-3 (Groundball, P)
Batting: SHB Jerry Young 0-0: SINGLE (Groundball, 4MD)
Batting: RHB Alberto Morín 0-0: Ball
Jerry Young is caught stealing 2nd base
1-0: Ground out 5-3 (Groundball, 5L)
Bottom of the 5th over - 0 runs, 1 hit, 0 errors, 0 left on base; Colorado 1 - Jasper 0
TOP OF THE 6TH
Colorado Commanders batting - Pitching for Jasper Cougars : LHP Logan Brown
Batting: LHB Francisco Ríos 0-0: Swinging Strike
0-1: Called Strike
0-2: Foul Ball, location: 2F
0-2: Ground out 6-3 (Groundball, 56)
Batting: RHB Lawrence Ware 0-0: Foul Ball, location: 2F
0-1: Called Strike
0-2: Foul Ball, location: 2F
0-2: Foul Ball, location: 2F
0-2: Ball
1-2: Ball
2-2: Ball
3-2: Ground out 4-3 (Groundball, 34)
Batting: RHB William Dyer 0-0: Fly out, F9 (Flyball, 9LD)
Top of the 6th over - 0 runs, 0 hits, 0 errors, 0 left on base; Colorado 1 - Jasper 0
BOTTOM OF THE 6TH
Jasper Cougars batting - Pitching for Colorado Commanders : RHP Mike Schmidt
Batting: RHB Alberto Castillo 0-0: Swinging Strike
0-1: SINGLE (Line Drive, 78S)
Batting: RHB Preston Manning 0-0: SINGLE (Line Drive, 6MD)
Alberto Castillo to second
Batting: RHB Richie Sawyer 0-0: Ball
1-0: Grounds into double play, 4-6-3 (Groundball, 4)
Alberto Castillo to third
Batting: RHB Ben Wilson 0-0: Ball
1-0: Foul Ball, location: 2F
1-1: Swinging Strike
1-2: Strikes out swinging
Bottom of the 6th over - 0 runs, 2 hits, 0 errors, 1 left on base; Colorado 1 - Jasper 0
TOP OF THE 7TH
Colorado Commanders batting - Pitching for Jasper Cougars : LHP Logan Brown
Batting: RHB Roberto Rodríguez 0-0: Ball
1-0: Called Strike
1-1: Swinging Strike
1-2: Ball
2-2: Strikes out swinging
Batting: LHB Roberto Herrera 0-0: Fly out, F9 (Line Drive, 9D)
Batting: RHB Félix Campos 0-0: Ball
1-0: Called Strike
1-1: Swinging Strike
1-2: Foul Ball, location: 2F
1-2: Strikes out looking
Top of the 7th over - 0 runs, 0 hits, 0 errors, 0 left on base; Colorado 1 - Jasper 0
BOTTOM OF THE 7TH
Jasper Cougars batting - Pitching for Colorado Commanders : RHP Mike Schmidt
Batting: LHB John Miller 0-0: SINGLE (Groundball, 4D)
Batting: RHB José Maldonado 0-0: Swinging Strike
0-1: Swinging Strike
0-2: Foul Ball, location: 2F
0-2: SINGLE (Line Drive, 9)
John Miller to second
Pinch Hitting: SHB Lonnie Washington 0-0: Ball
1-0: SINGLE (Groundball, 56) (infield hit)
John Miller to third
José Maldonado to second
Batting: SHB Jerry Young 0-0: Fly out, F8 (Line Drive, 8RD)
Runner from 3rd tags up, SCORES, throw made
Batting: RHB Alberto Morín 0-0: Ground out 5-3 (Groundball, 56S)
José Maldonado to third
Lonnie Washington to second
Batting: RHB Alberto Castillo 0-0: Called Strike
0-1: Foul Ball, location: 2F
0-2: Ball
1-2: Ground out 5-3 (Groundball, 56)
Bottom of the 7th over - 1 run, 3 hits, 0 errors, 2 left on base; Colorado 1 - Jasper 1
TOP OF THE 8TH
Colorado Commanders batting - Pitching for Jasper Cougars : LHP Logan Brown
Now at 2B: Lonnie Washington
Pinch Hitting: RHB Joe Roberts 0-0: Ball
1-0: Ball
2-0: SINGLE (Groundball, 5L) (infield hit)
Pinch Runner at 1st Eric Patrick:
Batting: RHB Carlos Jiménez 0-0: Foul Ball, location: 2F
0-1: Foul Ball, location: 2F
0-2: Ball
1-2: Ball
2-2: Strikes out swinging
Batting: RHB Joe Sulley 0-0: Called Strike
0-1: Ball
1-1: Ball
Pickoff Throw by Catcher to First - Error! E2
Eric Patrick to second
2-1: Fly out, F9 (Flyball, 9D)
Runner from 2nd tags up, SAFE at 3rd, no throw
Batting: LHB Francisco Ríos 0-0: Ball
1-0: Called Strike
1-1: Ground out 5-3 (Groundball, 5)
Top of the 8th over - 0 runs, 1 hit, 1 error, 1 left on base; Colorado 1 - Jasper 1
BOTTOM OF THE 8TH
Jasper Cougars batting - Pitching for Colorado Commanders : RHP Mike Schmidt
Now in RF: Eric Patrick
Pinch Hitting: RHB Brent Allen 0-0: Ball
1-0: Ball
2-0: Called Strike
2-1: Ball
3-1: Base on Balls
Batting: RHB Richie Sawyer 0-0: Fly out, F9 (Flyball, 9S)
Batting: RHB Ben Wilson 0-0: Called Strike
0-1: Foul Ball, location: 2F
0-2: Strikes out swinging
Batting: LHB John Miller 0-0: Fly out, F7 (Flyball, 78S)
Bottom of the 8th over - 0 runs, 0 hits, 0 errors, 1 left on base; Colorado 1 - Jasper 1
TOP OF THE 9TH
Colorado Commanders batting - Pitching for Jasper Cougars : LHP Logan Brown
Pitching: RHP Gilberto Cuevas
Now at 3B: Charles Lewis
Batting: RHB Lawrence Ware 0-0: Ball
1-0: Ground out 6-3 (Groundball, 6)
Batting: RHB William Dyer 0-0: Called Strike
0-1: SINGLE (Line Drive, 9S)
Pinch Hitting: LHB Abraham Horton 0-0: Ball
1-0: SINGLE (Groundball, 34D)
William Dyer to second
Runner from 2nd tries for 3rd, SAFE, no throw
Batting: LHB Roberto Herrera 0-0: Foul Ball, location: 2F
0-1: Fly out, F9 (Flyball, 9D)
Runner from 3rd tags up, SCORES, no throw
Batting: RHB Félix Campos 0-0: Ball
Abraham Horton steals 2nd base
1-0: Called Strike
1-1: Swinging Strike
1-2: Ball
2-2: Ball
3-2: Foul Ball, location: 2F
3-2: Foul Ball, location: 2F
3-2: Foul Ball, location: 2F
3-2: Base on Balls
Batting: RHB Eric Patrick 0-0: Ball
1-0: Swinging Strike
1-1: Ball
2-1: Fly out, F8 (Flyball, 8RM)
Top of the 9th over - 1 run, 2 hits, 0 errors, 2 left on base; Colorado 2 - Jasper 1
BOTTOM OF THE 9TH
Jasper Cougars batting - Pitching for Colorado Commanders : RHP Mike Schmidt
Now at 2B: Cipriano Quintero
Batting: RHB José Maldonado 0-0: Ball
1-0: Foul Ball, location: 2F
1-1: Fly out, F8 (Line Drive, 8RXD)
Batting: SHB Lonnie Washington 0-0: Ball
1-0: Foul Ball, location: 2F
1-1: Called Strike
1-2: Foul Ball, location: 2F
1-2: SINGLE (Flyball, 8LS)
Batting: SHB Jerry Young 0-0: Foul Ball, location: 2F
0-1: Ball
1-1: Called Strike
1-2: Ball
2-2: Grounds into double play, 4-6-3 (Groundball, 4)
Bottom of the 9th over - 0 runs, 1 hit, 0 errors, 0 left on base; Colorado 2 - Jasper 1
Saturday, December 16th, 2017 - OOTP Baseball 18.8 Build 76